 Dungeon Crawl Stone Soup version 0.25.1-8-g42b30a86e7 (webtiles) character file.

Game seed: 8806627536856103587

710 Mattiprrivan the Chopper (level 7, 0/57 HPs)
             Began as a Hill Orc Gladiator on Dec 25, 2020.
             Was a Follower of Makhleb.
             Slain by a sky beast (6 damage)
             ... on level 5 of the Dungeon.
             The game lasted 00:53:05 (4409 turns).

Mattiprrivan the Chopper (Hill Orc Gladiator)       Turns: 4409, Time: 00:53:06

Health: 0/57       AC:  7    Str: 17    XL:     7   Next: 68%
Magic:  17/17      EV: 12    Int: 11    God:    Makhleb [*.....]
Gold:   174        SH:  4    Dex: 14    Spells: 6/8 levels left

rFire    . . .     SeeInvis .   a - +1 war axe
rCold    . . .     Gourm    .   l - +0 buckler
rNeg     . . .     Faith    .   o - +1 leather armour {rPois}
rPois    +         Spirit   .   c - +0 helmet
rElec    .         Reflect  .   q - +0 cloak
rCorr    .         Harm     .   (no gloves)
MR       +....                  d - +0 pair of boots
Stlth    ++........             (no amulet)
HPRegen  0.19/turn              p - ring of Linearity {rPois MR+ MP+9 Int+3}
MPRegen  0.15/turn              (no ring)

@: mighty
A: no striking features
a: Renounce Religion


You were on level 5 of the Dungeon.
You worshipped Makhleb.
Makhleb was aware of your devotion.
You were full.

You visited 2 branches of the dungeon, and saw 6 of its levels.

You collected 246 gold pieces.
You spent 72 gold pieces at shops.

Inventory:

Hand Weapons
 a - a +1 war axe (weapon)
 i - a +0 hand axe
 j - a +0 hand axe
 n - a +2 flail of holy wrath
Missiles
 e - 12 poisoned darts (quivered)
Armour
 b - a +1 leather armour
 c - a +0 helmet (worn)
 d - a +0 pair of boots (worn)
 l - a +0 buckler (worn)
 o - a +1 leather armour of poison resistance (worn)
 q - a +0 cloak (worn)
Jewellery
 p - the ring of Linearity (left hand) {rPois MR+ MP+9 Int+3}
   (You found it on level 5 of the Dungeon)

   [ring of protection from magic]

   It affects your intelligence (+3).
   It protects you from poison.
   It affects your resistance to hostile enchantments.
   It affects your magic capacity (+9).
Scrolls
 h - 3 scrolls of remove curse
 m - 2 scrolls of identify
Potions
 g - a potion of might
 s - a potion of haste
Comestibles
 f - 2 rations


   Skills:
 * Level 3.5 Fighting
 * Level 7.3(7.4) Axes
 * Level 1.6(4.1) Maces & Flails
 * Level 2.6 Throwing
 * Level 2.7 Armour
 * Level 3.2 Dodging
 * Level 1.8 Stealth
 * Level 1.7 Shields
 * Level 1.2 Spellcasting
 * Level 1.5 Necromancy


You had 6 spell levels left.
You knew the following spells:

 Your Spells              Type           Power        Failure   Level  Hunger
a - Animate Skeleton      Necr           N/A          26%         1    ##.....
b - Pain                  Necr           #...         26%         1    ##.....

Your spell library contained the following spells:

 Spells                   Type           Power        Failure   Level  Hunger
 Vampiric Draining        Necr           #.........   63%         3    ####...
 Animate Dead             Necr           N/A          95%         4    #####..
 Agony                    Necr           #.......     100%        5    ######.


Dungeon Overview and Level Annotations

Branches:
Dungeon (5/15)             Temple (1/1) D:4

Altars:
Makhleb
Qazlal

Shops:
D:4 [


Message History

You barely miss the sky beast.
The sky beast is heavily wounded.
The sky beast hits you.
* * * LOW HITPOINT WARNING * * *
The sky beast shocks you.
* * * LOW HITPOINT WARNING * * *
You closely miss the sky beast.
The sky beast is heavily wounded.
The sky beast barely misses you. The sky beast closely misses you.
The sky beast flickers out of sight!
Deactivating autopickup; reactivate with Ctrl-A.
Throwing (i - inventory)
e - 13 poisoned darts (quivered)
Press: ? - help, Shift-Dir - straight line, f - orc
Aim: an orc, wielding a +0 whip You throw a poisoned dart.
Something hits you but does no damage.
You miss something. Something hits you but does no damage.
You miss something. Something hits you.
* * * LOW HITPOINT WARNING * * *
Something shocks you.
You die...

## #...# .###### .# #...#
###...... .# #...#
#......##.
.######...######.#.......
##<............#.#.......
......................# .
.#.............#.###....#
.##.###...######.###.....
.##.###...### #@(oo(.# #
###.#.......# #####.....
....#.#...#.# ###
#####.#...#.## #.##.....#
#.##..#..#
####.##..#(.####
##...........(<.#####
.(...#.......#......#


You could see 2 orcs.

Vanquished Creatures
  A phantom (D:5)
  An ogre (D:4)
  A centaur (D:5)
  A scorpion (D:5)
  A crimson imp (D:5)
  An orc priest (D:5)
  A bullfrog skeleton (D:5)
  An orc wizard (D:5)
  A centaur skeleton (D:4)
  An iguana (D:4)
  3 worker ants
  4 adders
  A shadow imp (D:5)
  3 oozes
  2 adder skeletons
  3 worms
  4 dart slugs
  2 leopard geckos
  4 orcs
  7 giant cockroaches
  6 goblins
  8 hobgoblins
  8 jackals
  A quokka (D:3)
  A ball python (D:3)
  9 bats
  4 frilled lizards
  9 kobolds
  A quokka zombie (D:5)
  6 rats
96 creatures vanquished.

Notes
Turn   | Place    | Note
-------+----------+-------------------------------------------
     0 | D:1      | Mattiprrivan the Hill Orc Gladiator began the quest for the
                  | Orb.
     0 | D:1      | Reached XP level 1. HP: 18/18 MP: 1/1
    57 | D:1      | Reached XP level 2. HP: 24/25 MP: 2/2
   439 | D:1      | Reached XP level 3. HP: 29/30 MP: 3/3
   783 | D:2      | Reached skill level 5 in Axes
   889 | D:2      | Reached XP level 4. HP: 37/37 MP: 4/4
  1149 | D:2      | Reached skill level 1 in Armour
  1744 | D:3      | Reached skill level 1 in Stealth
  1930 | D:3      | Learned a level 1 spell: Animate Skeleton
  1932 | D:3      | Learned a level 1 spell: Pain
  1949 | D:3      | Reached XP level 5. HP: 41/42 MP: 5/5
  2188 | D:4      | Found Hyod's Armour Shop.
  2424 | D:4      | Bought a +0 leather armour of poison resistance for 72 gold
                  | pieces
  2462 | D:4      | Reached skill level 6 in Axes
  2476 | D:4      | Found a staircase to the Ecumenical Temple.
  2487 | Temple   | Entered the Ecumenical Temple
  2491 | Temple   | Became a worshipper of Makhleb the Destroyer
  2583 | D:4      | Reached XP level 6. HP: 51/51 MP: 6/6
  2611 | D:4      | Reached skill level 1 in Shields
  3123 | D:5      | Entered Level 5 of the Dungeon
  3123 | D:5      | Noticed a phantom
  3136 | D:5      | Reached skill level 1 in Maces & Flails
  3136 | D:5      | Reached skill level 1 in Necromancy
  3301 | D:5      | Killed a phantom
  3301 | D:5      | Reached skill level 7 in Axes
  3301 | D:5      | Reached skill level 1 in Spellcasting
  3301 | D:5      | Reached XP level 7. HP: 16/57 MP: 8/8
  3567 | D:5      | Got a shimmering bone ring
  3568 | D:5      | Identified the ring of Linearity {rPois MR+ MP+9 Int+3}
                  | (You found it on level 5 of the Dungeon)
  4392 | D:5      | Reached * piety under Makhleb
  4409 | D:5      | Slain by a sky beast

Illustrated notes

Levels and vault maps discovered:
D:1:      scummos_arrival_simple_fountains, layout_basic
D:2:      layout_rooms, fountainhead
D:3:      layout_rooms, first_ration
D:4:      layout_basic, minmay_temple_entry_sparse_star, serial_shops,
          nicolae_shop_waterfront, kennysheep_generic_room_14
D:5:      layout_loops_cross
Temple:   regret_index_temple_sigil_plot

Skill      XL: |  1  2  3  4  5  6 |
---------------+-------------------+-----
Axes           | 5 6 7 |  7.3
Armour         | 1 2 |  2.7
Throwing       | 2 |  2.6
Stealth        | 1 |  1.8
Fighting       | 3 |  3.5
Dodging        | 3 |  3.2
Shields        | 1 |  1.7
Maces & Flails | 1 |  1.6
Necromancy     | 1 |  1.5
Spellcasting   | 1 |  1.2

Action                   |  1- 3 |  4- 6 |  7- 9 || total
-------------------------+-------+-------+-------++-------
Melee: War axe           |    64 |   144 |    53 ||   261
       Flail             |       |     8 |       ||     8
Throw: Throwing net      |     5 |     5 |       ||    10
       Dart              |       |    19 |    12 ||    31
  Use: Scroll            |     4 |     7 |     2 ||    13
       Potion            |     2 |     4 |     2 ||     8
 Stab: Held in net/web   |     1 |     2 |       ||     3
       Sleeping          |       |     4 |     2 ||     6
  Eat: Ration            |     1 |     3 |     1 ||     5
Armor: Leather armour    |    17 |    43 |    13 ||    73
Dodge: Dodged            |    41 |   105 |    18 ||   164
Block: Buckler           |       |    14 |     6 ||    20
